 Dungeon Crawl Stone Soup version 0.21.1-1-g345015fe64 (webtiles) character file.

26 Tippip the Conjurer (level 2, 0/20 HPs)
             Began as a Demigod Conjurer on June 1, 2018.
             Slain by a quokka (2 damage)
             ... on level 2 of the Dungeon.
             The game lasted 00:19:15 (1325 turns).

Tippip the Conjurer (Demigod Conjurer)              Turns: 1325, Time: 00:19:15

Health: 0/20       AC:  2    Str: 11    XL:     2   Next: 69%
Magic:  3/7        EV: 13    Int: 19    God:
Gold:   56         SH:  0    Dex: 16    Spells: 2/5 levels left

rFire    . . .     SeeInvis .   e - +0 mace {Anathema}
rCold    . . .     Gourm    .   (no shield)
rNeg     . . .     Faith    .   a - +0 robe
rPois    .         Spirit   .   (no helmet)
rElec    .         Reflect  .   (no cloak)
rCorr    .         Harm     .   (no gloves)
MR       .....                  (no boots)
Stlth    ++........             (no amulet)
HPRegen  0.06/turn              (no ring)
MPRegen  0.10/turn              (no ring)

@: no status effects
A: high mp 1
a: no special abilities


You were on level 2 of the Dungeon.
You were not hungry.

You visited 1 branch of the dungeon, and saw 2 of its levels.

You collected 56 gold pieces.

Inventory:

Hand Weapons
 d - a +0 club
 e - a +0 mace (weapon) {Anathema}
Armour
 a - a +0 robe (worn)
Scrolls
 g - a scroll of noise {unknown}
Potions
 c - a potion of degeneration {unknown}
 h - a potion of haste {unknown}
Books
 b - a book of Conjurations

   Spells                             Type                      Level
   a - Magic Dart                     Conjuration                  1
   b - Searing Ray                    Conjuration                  2
   c - Dazzling Spray                 Conjuration/Hexes            3
   d - Fulminant Prism                Conjuration/Hexes            4
   e - Force Lance                    Conjuration/Translocation    4
   f - Iskenderun's Mystic Blast      Conjuration                  4
Comestibles
 i - a ration


   Skills:
 + Level 0.1 Maces & Flails
 + Level 2.1 Dodging
 + Level 1.9 Stealth
 + Level 2.1 Spellcasting
 + Level 4.0 Conjurations


You had 2 spell levels left.
You knew the following spells:

 Your Spells              Type           Power        Failure   Level  Hunger
a - Magic Dart            Conj           ###.         3%          1    #......
b - Searing Ray           Conj           ###...       4%          2    ##.....


Dungeon Overview and Level Annotations

Branches:
Dungeon (2/15)


Innate Abilities, Weirdness & Mutations

You have an increased reservoir of magic. (+10% MP)


Message History

The quokka bites you.
* * * LOW HITPOINT WARNING * * *
The kobold barely misses you.
You hit the quokka but do no damage.
The quokka is severely wounded.
The quokka barely misses you. The kobold hits you with a club.
* * * LOW HITPOINT WARNING * * *
The quokka completely misses you. The quokka closely misses you.
You see here a stone.
You see here 2 stones.
There is an open door here.
The quokka bites you.
* * * LOW HITPOINT WARNING * * *
The quokka completely misses you.
As you read the scroll labeled OTIYPEK WO XYU, it crumbles to dust.
It is a scroll of amnesia.
Okay, then.
The quokka bites you.
You die...

#.#.# ###.#
#.#.# .#.# ##
#.# ###.#.# #.
#.# #†.)#.# #.
#.# #...#.# #.
#K#.##.##.####
#.
#.#..........#
#.
#r####.##.##.#
#.
#@........##.#
#.
######.#####.#
#. #.# #.####.
#.# #......
#.# #######
#.. ... ###


You could see a quokka and a kobold.

Vanquished Creatures
  A dart slug (D:1)
  6 bats (D:1)
  2 giant cockroaches (D:1)
  4 goblins (D:1)
  A hobgoblin (D:1)
  4 kobolds
  3 frilled lizards
  4 rats
25 creatures vanquished.

Notes
Turn   | Place    | Note
-------+----------+-------------------------------------------
     0 | D:1      | Tippip the Demigod Conjurer began the quest for the Orb.
     0 | D:1      | Reached XP level 1. HP: 14/14 MP: 5/5
     1 | D:1      | Noticed a naga
    16 | D:1      | Noticed an ogre
    18 | D:1      | Noticed a vampire
    18 | D:1      | Noticed a human
    18 | D:1      | Noticed an elf
    20 | D:1      | Noticed a minotaur skeleton
    22 | D:1      | Noticed a felid
    25 | D:1      | Noticed an ogre
   368 | D:1      | Reached XP level 2. HP: 20/20 MP: 0/7
   636 | D:1      | Found a snail-covered altar of Cheibriados.
   835 | D:1      | Learned a level 2 spell: Searing Ray
   849 | D:1      | Reached skill level 4 in Conjurations
  1315 | D:2      | HP: 1/20 [quokka (3)]
  1325 | D:2      | Slain by a quokka

Skill      XL: |  1  2 |
---------------+-------+-----
Dodging        | 2 |  2.1
Spellcasting   | 2 |  2.1
Conjurations   | 4 |  4.0
Maces & Flails | |  0.1
Stealth        | |  1.9

Action                   || total
-------------------------++-------
Melee: Unarmed           ||    23
       Mace              ||    25
       Club              ||     6
 Cast: Magic Dart        ||    34
       Searing Ray       ||     1
  Use: Scroll            ||     1
       Potion            ||     1
  Eat: Ration            ||     1
Armor: Robe              ||    16
Dodge: Dodged            ||    61
